 Dungeon Sprint DCSS version 0.22.1-1-ga44c0e56f4 (webtiles) character file.

710 KleinerIrrer the Black Belt (level 7, -2/47 HPs)
             Began as an Octopode Transmuter on Nov 2, 2018.
             Slain by a human
             ... wielding a +0 mace
              (16 damage)
             ... in the Dungeon (Sprint III: "The Ten Rune Challenge").
             The game lasted 00:02:44 (812 turns).

KleinerIrrer the Black Belt (Octopode Transmuter)    Turns: 812, Time: 00:02:44

Health: -2/47      AC:  1    Str: 11    XL:     7   Next: 68%
Magic:  8/9        EV: 13    Int: 16    God:
Gold:   40         SH:  0    Dex: 14    Spells: 9/10 levels left

rFire    . . .     SeeInvis .     - Unarmed
rCold    . . .     Gourm    .   (no shield)
rNeg     . . .     Faith    .   (helmet restricted)
rPois    .         Spirit   .   (no amulet)
rElec    .         Reflect  .   (no ring)
rCorr    .         Harm     .   (no ring)
MR       .....     NoTele   +   (no ring)
Stlth    ++........             (no ring)
HPRegen  0.15/turn              (no ring)
MPRegen  0.11/turn              (no ring)
                                (no ring)
                                (no ring)

@: appendage
A: almost no armour, stealthy swim, amphibious, 8 rings, constrict 8, tentacle
spike 3, camouflage 1, low mp 1, robust 1, strong 1, gelatinous body 1
a: End Transformation


You were in the Dungeon.
You were not hungry.
One of your tentacles had a temporary spike.
You visited 1 branch You collected 40 gold pieces.

Inventory:

Missiles
 a - 12 arrows
Wands
 k - a wand of polymorph (6)
Scrolls
 i - a scroll of blinking
 m - a scroll of holy word {unknown}
 n - a scroll of identify {unknown}
 o - a scroll of amnesia {unknown}
 p - a scroll of torment {unknown}
 q - a scroll of fog {unknown}
 r - 2 scrolls of remove curse
Potions
 d - 3 potions of curing
 e - a potion of heal wounds
 f - a potion of haste
 g - 2 potions of magic
 h - a potion of berserk rage
 j - a potion of agility {unknown}
 l - a potion of brilliance {unknown}
 s - 2 potions of flight
 t - 4 potions of mutation
Comestibles
 c - 3 rations


   Skills:
 - Level 1.0 Fighting
 - Level 2.0 Dodging
 + Level 15.5 Unarmed Combat
 - Level 2.0 Spellcasting
 - Level 2.0 Transmutations


You had 9 spell levels left.
You knew the following spells:

 Your Spells              Type           Power        Failure   Level  Hunger
a - Beastly Appendage     Tmut           #.....       9%          1    #......

Your spell library contained the following spells:

 Spells                   Type           Power        Failure   Level  Hunger
 Sticks to Snakes         Tmut           #.......     14%         2    ###....
 Confusing Touch          Hex            #.....       21%         1    #......
 Spider Form              Tmut/Pois      #.........   38%         3    ###....
 Confuse                  Hex            #.......     52%         3    ###....
 Gell's Gravitas          Tloc           #.........   52%         3    ###....
 Ice Form                 Ice/Tmut       #.......     80%         4    #####..
 Petrify                  Tmut/Erth      #.......     80%         4    #####..
 Blade Hands              Tmut           #.........   94%         5    ######.
 Yara's Violent Unravell  Hex/Tmut       #.........   98%         5    ######.
 Metabolic Englaciation   Hex/Ice        #.........   99%         5    ######.


Dungeon Overview and Level Annotations

Branches:
Dungeon (1/1)

Altars:
Elyvilon
Kikubaaqudgha
Okawaru
Sif Muna
Trog
Uskayaw
Vehumet
Wu Jian
Zin
The Shining One
Beogh


Innate Abilities, Weirdness & Mutations

You cannot wear most types of armour.
You are very stealthy in the water. (Stealth+)
You are amphibious.
You can wear up to eight rings at the same time.
You can use your tentacles to constrict eight enemies at once.
Your skin changes colour to match your surroundings (Stealth+).
Your rubbery body absorbs attacks. (AC +1, EV +1)
One of your tentacles bears a large vicious spike.
Your magical capacity is low. (-10% MP)
You are robust. (+10% HP)
Your muscles are strong. (Str +2)


Message History

Casting: Beastly Appendage (safe; 9% risk of failure)
Confirm with . or Enter, or press ? or * to list all spells.
One of your tentacles grows a vicious spike.
The human hits you with a mace! The human misses you.
All of the chunks of flesh in your inventory have rotted away.
You tentacle-slap the human. You grab the human.
You tentacle-slap the human, but do no damage.
You squeeze the human!
The human is moderately wounded.
You constrict the human, but do no damage.
The human hits you with a mace!
* * * LOW HITPOINT WARNING * * *
You bludgeon the human!
The human is heavily wounded.
You constrict the human, but do no damage.
You tentacle-slap the human.
You pierce the human, but do no damage.
You squeeze the human.
The human is heavily wounded.
You constrict the human. The human hits you with a mace!
You die...

▓▓ ▓▓▓ .####
##.#########
....#####..#___#___#
.....#..#..#)..#p_.#
##...#..#..###'#@###+##
###..##'#..#..........#
[##..###...'.⌠........#
##..####...#...######+#
##..###....#.⌠.#
#...##.....#...#
....#......#'###
..##.#.....#.))#
..#####....#___#


You could see a human (berserk).

Vanquished Creatures
  A deep elf mage (D)
  A water elemental (D)
  A scorpion (D)
  A wizard (D)
  Jessica (D)
  2 humans (D)
  A kobold demonologist (D)
  2 rats (D)
10 creatures vanquished.

Vanquished Creatures (others)
  2 draconian scorchers (D)
  6 hellions (D)
  2 yaktaurs (D)
10 creatures vanquished.

Grand Total: 20 creatures vanquished

Notes
Turn   | Place    | Note
-------+----------+-------------------------------------------
     0 | D        | KleinerIrrer the Octopode Transmuter began the quest for
                  | the Orb.
     0 | D        | Reached XP level 1. HP: 13/13 MP: 3/3
    25 | D        | Noticed Jessica
    33 | D        | Killed Jessica
    33 | D        | Reached skill level 6 in Unarmed Combat
    33 | D        | Reached XP level 2. HP: 7/18 MP: 5/5
    33 | D        | Reached XP level 3. HP: 9/23 MP: 6/6
    59 | D        | Killed a yaktaur
   104 | D        | Killed a hellion
   108 | D        | Killed a hellion
   136 | D        | Killed a hellion
   139 | D        | Killed a hellion
   153 | D        | Killed a hellion
   158 | D        | Killed a white draconian scorcher
   230 | D        | Killed a hellion
   266 | D        | Reached skill level 7 in Unarmed Combat
   304 | D        | Killed a white draconian scorcher
   445 | D        | Noticed a scorpion
   450 | D        | Killed a scorpion
   450 | D        | Reached skill level 9 in Unarmed Combat
   450 | D        | Reached XP level 4. HP: 28/28 MP: 5/7
   470 | D        | Gained mutation: You are partially covered in slimy green
                  | scales. (AC +2) [potion of mutation]
   470 | D        | Gained mutation: Your magical capacity is low. (-10% MP)
                  | [potion of mutation]
   470 | D        | Gained mutation: You are clumsy. (Dex -2) [potion of
                  | mutation]
   470 | D        | Gained mutation: One of your tentacles bears a spike.
                  | [potion of mutation]
   471 | D        | Lost mutation: You are clumsy. (Dex -2) [potion of
                  | mutation]
   471 | D        | Lost mutation: One of your tentacles bears a spike. [potion
                  | of mutation]
   471 | D        | Lost mutation: You are partially covered in slimy green
                  | scales. (AC +2) [potion of mutation]
   471 | D        | Gained mutation: Your muscles are strong. (Str +2) [potion
                  | of mutation]
   471 | D        | Gained mutation: You are robust. (+10% HP) [potion of
                  | mutation]
   483 | D        | Noticed a water elemental
   491 | D        | Killed a water elemental
   491 | D        | Reached skill level 10 in Unarmed Combat
   491 | D        | Reached XP level 5. HP: 29/36 MP: 5/7
   505 | D        | Killed a yaktaur
   553 | D        | Found a radiant altar of Vehumet.
   553 | D        | Found a deep blue altar of Sif Muna.
   553 | D        | Found an ancient bone altar of Kikubaaqudgha.
   555 | D        | Reached skill level 11 in Unarmed Combat
   557 | D        | Noticed a sun demon
   724 | D        | Found a glowing silver altar of Zin.
   725 | D        | Found a glowing golden altar of the Shining One.
   725 | D        | Found a white marble altar of Elyvilon.
   725 | D        | Noticed a deep elf mage
   730 | D        | Killed a deep elf mage
   730 | D        | Reached skill level 14 in Unarmed Combat
   730 | D        | Reached XP level 6. HP: 32/41 MP: 8/8
   730 | D        | Reached XP level 7. HP: 37/47 MP: 9/9
   803 | D        | Found a hide-covered altar of Uskayaw.
   803 | D        | Found a roughly hewn altar of Beogh.
   803 | D        | Found an iron altar of Okawaru.
   803 | D        | Found a bloodstained altar of Trog.
   803 | D        | Found an ornate altar of the Wu Jian Council.
   803 | D        | Noticed a human
   803 | D        | Noticed a human
   808 | D        | Killed a human
   808 | D        | Reached skill level 15 in Unarmed Combat
   812 | D        | Slain by a human

Skill      XL: |  1  2  3  4  5  6  7 |
---------------+----------------------+-----
Unarmed Combat | 6 9 10 14 15 | 15.5
Fighting       | |  1.0
Dodging        | |  2.0
Spellcasting   | |  2.0
Transmutations | |  2.0

Action                   |  1- 3 |  4- 6 |  7- 9 || total
-------------------------+-------+-------+-------++-------
Melee: Unarmed           |    18 |    13 |     7 ||    38
       Tentacles         |     6 |     1 |     3 ||    10
       Constrict         |     4 |     2 |     1 ||     7
       Kick              |     2 |     3 |     1 ||     6
       Punch             |       |     2 |     2 ||     4
 Cast: Beastly Appendage |     1 |     1 |     1 ||     3
  Use: Potion            |       |     2 |       ||     2
 Stab: Sleeping          |     2 |     1 |       ||     3
Dodge: Dodged            |    10 |     5 |     2 ||    17
